[Event "Team 45 45 League T32"]
[Site "Internet Chess Club"]
[Date "2007.02.11"]
[Round "4"]
[White "DaveTheRook"]
[Black "joonho"]
[Result "0-1"]
[WhiteElo "1664"]
[BlackElo "1812"]
[ECO "D26"]
[TimeControl "2700+45"]

1. d4 d5 2. c4 dxc4 3. Nf3 Nf6 4. e3 e6 5. Bxc4 c5 6. O-O Nc6 7. Nc3 Be7 8. dxc5
O-O 9. Qe2 Bxc5 10. Rd1 Qc7 11. a3 a6 12. b4 Be7 13. Bb2 b5 14. Bb3 Bb7 15. Rac1
Bd6 16. h3 Rfd8 17. Qc2 Ne5 18. Nxe5 Bxe5 19. f4 Bd6 20. Qf2 Qb6 21. Bc2 Rac8
22. Kf1 e5 23. fxe5 Bxe5 24. Bb3 h5 25. Rxd8+ Rxd8 26. Ba1 Rd3 27. e4 Qxf2+ 28.
Kxf2 Bxc3 29. Ke2 Bxa1 30. Kxd3 Bxe4+ 31. Ke3 Be5 32. Rc8+ Kh7 33. Bxf7 Bxg2 34.
Be6 Kg6 35. Rc2 Be4 36. Rf2 Bc7 37. Rd2 Kg5 38. Rd1 Kh4 39. Bc8 a5 40. bxa5 Nd5+
41. Kd4 Bxa5 42. Rf1 Bg2 43. Rf7 Bc3+ 44. Kc5 b4 45. axb4 Bxb4+ 46. Kc4 g5 47.
Rf2 Bxh3 48. Bxh3 Kxh3 49. Kxd5 g4 50. Ke4 g3 51. Rf3 h4 52. Rb3 Be7 53. Kf3 g2
54. Kf2+ Kh2 55. Rb1 h3 56. Rc1 g1=Q+ 57. Rxg1 Bc5+ {White resigns} 0-1

[Event "Team 45 45 League T32"]
[Site "Internet Chess Club"]
[Date "2007.02.07"]
[Round "4"]
[White "OldBoy"]
[Black "boozehound"]
[Result "0-1"]
[WhiteElo "1495"]
[BlackElo "1770"]
[ECO "B01"]
[TimeControl "2700+45"]

1. e4 d5 2. exd5 Nf6 3. Nf3 Bg4 4. Be2 Qxd5 5. d3 Nc6 6. Nc3 Qh5 7. h3 e6 8. Ng1
Bxe2 9. Qxe2 Qg6 10. g3 Bb4 11. Nf3 Nd5 12. Bd2 Nxc3 13. Bxc3 Bxc3+ 14. bxc3 Qf6
15. d4 O-O 16. Ne5 Nxe5 17. dxe5 Qf5 18. O-O-O Qg5+ 19. Kb2 Qe7 20. Rd4 Rfd8 21.
Rhd1 Rxd4 22. Rxd4 Rd8 23. Qd2 Rxd4 24. Qxd4 c5 25. Qd2 g6 26. f4 c4 27. Qf2 a6
28. Qb6 Kg7 29. a4 Qd7 30. a5 h5 31. Qc5 Qc6 32. Qb4 Qc7 33. g4 hxg4 34. hxg4 g5
35. fxg5 Qxe5 36. Qxc4 Qxg5 37. Qb4 Qb5 38. Qxb5 axb5 39. Kc1 Kg6 40. Kd2 Kg5
41. Ke3 Kxg4 42. Kd4 f5 43. Kc5 f4 44. Kb6 f3 45. Kxb7 f2 46. a6 f1=Q 47. a7
Qf3+ 48. Ka6 Qa8 {White resigns} 0-1

[Event "Team 45 45 League T32"]
[Site "Internet Chess Club"]
[Date "2007.02.10"]
[Round "4"]
[White "Kingofknights"]
[Black "allanchs"]
[Result "1-0"]
[WhiteElo "1691"]
[BlackElo "1533"]
[ECO "D61"]
[TimeControl "2700+45"]

1. d4 d5 2. c4 e6 3. Nc3 Nf6 4. Bg5 Be7 5. e3 O-O 6. Nf3 Nbd7 7. Qc2 c6 8. cxd5
Nxd5 9. Bxe7 Qxe7 10. e4 Nxc3 11. bxc3 c5 12. Bd3 b6 13. O-O Bb7 14. Nd2 Rac8
15. Qb2 Rfd8 16. Rad1 Nf6 17. e5 Nd5 18. Ne4 Nf4 19. Bc2 Bxe4 20. Bxe4 cxd4 21.
cxd4 Nd5 22. Rd3 h6 23. Qd2 f6 24. Rg3 g5 25. h4 Nf4 26. Qxf4 Rxd4 27. Bh7+
{Black resigns} 1-0

[Event "Team 45 45 League T32"]
[Site "Internet Chess Club"]
[Date "2007.02.10"]
[Round "4"]
[White "Berkshires"]
[Black "NiteSeer"]
[Result "1-0"]
[WhiteElo "1463"]
[BlackElo "1373"]
[ECO "B90"]
[TimeControl "2700+45"]

1. e4 c5 2. Nf3 d6 3. d4 cxd4 4. Nxd4 Nf6 5. Nc3 a6 6. Bd3 e6 7. Bg5 Be7 8. O-O
O-O 9. Re1 Nc6 10. Nf3 e5 11. h3 Re8 12. Qd2 Be6 13. Rad1 Rc8 14. b3 Qd7 15. Na4
Qd8 16. c4 Bd7 17. Be3 Rb8 18. Nc3 Qc8 19. Bf1 b5 20. cxb5 axb5 21. Nd5 Nxe4 22.
Nxe7+ Rxe7 23. Qd5 Nc3 24. Qxd6 Nxd1 25. Rxd1 Qb7 26. Nxe5 Re6 27. Qxd7 Qxd7 28.
Nxd7 Rbe8 29. Bxb5 Rc8 30. Nb6 Rb8 31. a4 g6 32. Bc4 Ree8 33. Nd7 Rbd8 34. Nf6+
Kg7 35. Rxd8 Rxd8 36. Nd5 Na5 37. Bg5 Rc8 38. Bf6+ Kh6 39. Ne7 Ra8 40. Bxf7
{Black forfeits on time} 1-0

[Event "Team 45 45 League T32"]
[Site "Internet Chess Club"]
[Date "2007.02.11"]
[Round "4"]
[White "Chess-Cat"]
[Black "Fegary"]
[Result "0-1"]
[WhiteElo "1463"]
[BlackElo "1734"]
[ECO "B08"]
[TimeControl "2700+45"]

1. e4 d6 2. d4 Nf6 3. Nc3 g6 4. Nf3 Bg7 5. h3 O-O 6. Be3 Nbd7 7. e5 Ne8 8. Qd2
c5 9. exd6 Nxd6 10. dxc5 Nf5 11. Bf4 Nxc5 12. Bd3 Nxd3+ 13. cxd3 e5 14. Bg5 f6
15. g4 Nd4 16. Nxd4 exd4 17. Bh6 dxc3 18. bxc3 Bxh6 19. Qxh6 Re8+ 20. Kd2 Qb6
21. d4 Qb2+ 22. Kd3 Qe2# {White checkmated} 0-1

[Event "Team 45 45 League T32"]
[Site "Internet Chess Club"]
[Date "2007.02.10"]
[Round "4"]
[White "mogwop"]
[Black "BrerRabbit"]
[Result "0-1"]
[WhiteElo "1555"]
[BlackElo "1519"]
[ECO "A46"]
[TimeControl "2700+45"]

1. d4 Nf6 2. Nf3 e6 3. e3 c5 4. Bd3 Qc7 5. c3 d6 6. Nbd2 Nbd7 7. O-O g6 8. Re1
Bg7 9. e4 O-O 10. h3 b6 11. Qe2 Bb7 12. Ba6 Bxa6 13. Qxa6 Nb8 14. Qe2 Nc6 15. a3
Rac8 16. Nf1 e5 17. dxc5 dxc5 18. Bd2 Rfd8 19. Rad1 Rd7 20. Bc1 Rcd8 21. Rxd7
Rxd7 22. Ng3 Na5 23. Qc2 Nc4 24. Nd2 Nxd2 25. Bxd2 Qd8 26. Rd1 Bh6 27. Bxh6
Rxd1+ 28. Kh2 Qd3 29. Qxd3 Rxd3 30. f3 Rd1 31. a4 Rb1 {White resigns} 0-1

[Event "Team 45 45 League T32"]
[Site "Internet Chess Club"]
[Date "2007.02.09"]
[Round "4"]
[White "Katie"]
[Black "lw"]
[Result "1-0"]
[WhiteElo "1625"]
[BlackElo "1533"]
[ECO "A40"]
[TimeControl "2700+45"]

1. d4 g6 2. Bf4 d6 3. e3 Bg7 4. Nf3 Nf6 5. h3 O-O 6. Be2 c5 7. c3 Qb6 8. Qc1 Bf5
9. O-O cxd4 10. exd4 Nc6 11. Nbd2 Ne4 12. Nxe4 Bxe4 13. Bh6 Rac8 14. Bxg7 Kxg7
15. Re1 Bxf3 16. Bxf3 Nxd4 17. Bg4 f5 18. Rxe7+ Kf6 19. Qe3 Qxb2 20. Qxd4+ Kxe7
21. Re1+ Kf7 22. Qd5+ Kg7 23. Re7+ Kh6 24. Qd4 fxg4 25. Qe3+ {Black resigns} 1-0

[Event "Team 45 45 League T32"]
[Site "Internet Chess Club"]
[Date "2007.02.10"]
[Round "4"]
[White "chesskix"]
[Black "houseofcook"]
[Result "1-0"]
[WhiteElo "1478"]
[BlackElo "1330"]
[ECO "E92"]
[TimeControl "2700+45"]

1. Nf3 Nf6 2. c4 g6 3. Nc3 Bg7 4. d4 O-O 5. e4 d6 6. Be2 e5 7. d5 a5 8. O-O Na6
9. Re1 Nc5 10. Bg5 Bd7 11. a3 Qc8 12. Bxf6 Bxf6 13. Nd2 a4 14. Bf3 Bg7 15. Nf1
b6 16. Ne3 Nb3 17. Rb1 Nd4 18. Bg4 h5 19. Bxd7 Qxd7 20. Na2 h4 21. h3 c5 22. Nc1
Qe7 23. Qg4 g5 24. Ne2 Nxe2+ 25. Rxe2 Qf6 26. Nf5 Ra7 27. Re3 Rd8 28. Rf3 Qg6
29. Nxg7 Kxg7 30. Rf5 f6 31. Re1 Rh8 32. Re3 Qh5 33. Ref3 Qxg4 34. hxg4 Rh6 35.
Rh3 Ra8 36. Kf1 Rb8 37. b4 cxb4 38. axb4 Ra8 39. Ra3 Rhh8 40. Rff3 Rhc8 41. Rfc3
b5 42. cxb5 Rxc3 43. Rxc3 a3 44. Rc1 a2 45. Ra1 Kg6 46. b6 Rb8 47. Rxa2 Rxb6 48.
Rb2 Rb5 49. Ke2 Kf7 50. Kd3 Ke7 51. Kc4 Rb6 52. Ra2 Rb7 53. b5 Kd7 54. Ra6 Kc7
55. Rc6+ Kd7 56. b6 Ke7 57. Kb5 Kd7 58. Ka6 h3 59. gxh3 f5 60. gxf5 g4 61. hxg4
Rxb6+ 62. Kxb6 Ke7 63. Kc7 Kf6 64. Rxd6+ {Black resigns} 1-0

[Event "Team 45 45 League T32"]
[Site "Internet Chess Club"]
[Date "2007.02.11"]
[Round "4"]
[White "Avedldesierto"]
[Black "corsair"]
[Result "*"]
[WhiteElo "1664"]
[BlackElo "1845"]
[ECO "D35"]
[TimeControl "2700+45"]

1. d4 d5 2. c4 e6 3. Nc3 Nf6 4. cxd5 exd5 5. Bg5 Be7 6. Bxf6 Bxf6 7. e3 O-O 8.
Bd3 Nc6 9. Qh5 g6 10. Qxd5 Nb4 11. Qxd8 Nxd3+ 12. Kd2 Rxd8 13. Kxd3 c5 14. Nf3
Bg4 15. Ne2 Rd7 16. Rac1 b6 17. Rhd1 Rad8 18. Kc3 cxd4+ 19. exd4 Rd5 20. Rd3
Bxf3 21. Rxf3 Bxd4+ 22. Kc2 Bg7 23. Kb1 Bh6 24. Rc7 Rd1+ 25. Nc1 R8d7 {Game
adjourned when White got disconnected} *

[Event "Team 45 45 League T32"]
[Site "Internet Chess Club"]
[Date "2007.02.07"]
[Round "4"]
[White "sean98"]
[Black "kamu"]
[Result "0-1"]
[WhiteElo "1535"]
[BlackElo "1717"]
[ECO "B02"]
[TimeControl "2700+45"]

1. e4 Nf6 2. e5 Nd5 3. c4 Nb6 4. d4 d6 5. f4 dxe5 6. fxe5 Nc6 7. Nf3 Bf5 8. Bd3
Nxd4 9. Nxd4 Qxd4 10. Bxf5 Qxe5+ 11. Qe2 Qxf5 12. g4 Qf6 13. g5 Qd4 14. Na3 Qh4+
15. Kf1 O-O-O 16. Be3 e6 17. h3 Bxa3 18. bxa3 Nxc4 19. Kg2 Qe4+ 20. Kf2 Rd5 21.
Rhe1 Rf5+ 22. Kg3 Qxe3+ 23. Qxe3 Nxe3 24. Rxe3 Rxg5+ 25. Kf4 Rg2 26. Kf3 Rd2 27.
Kg4 Rhd8 28. Rf3 R8d4+ 29. Kg3 f5 30. Re1 Kd7 31. Rb3 R2d3+ 32. Kh2 Rxb3 33.
axb3 Rd2+ 34. Kg1 Rd3 35. Kh2 Rxb3 36. a4 Ra3 37. Rg1 g6 38. h4 Rxa4 39. Kh3
Ra3+ 40. Kg2 c5 41. Kf2 c4 42. h5 b5 43. hxg6 hxg6 44. Rxg6 a5 45. Rg7+ Kd6 46.
Ke2 Rd3 47. Ra7 a4 48. Ra6+ Ke5 49. Rb6 Rd5 50. Rc6 a3 51. Ra6 Rd3 52. Ra5 Rb3
53. Kd2 Ke4 54. Kc2 f4 55. Ra6 e5 56. Rd6 a2 57. Ra6 Rg3 58. Kb2 Rg2+ 59. Ka1 f3
60. Rf6 Rg1+ 61. Kxa2 Ke3 62. Rf5 e4 {White resigns} 0-1

[Event "Team 45 45 League T32"]
[Site "Internet Chess Club"]
[Date "2007.02.11"]
[Round "4"]
[White "stakastra"]
[Black "matthewc"]
[Result "0-1"]
[WhiteElo "1603"]
[BlackElo "1522"]
[ECO "C28"]
[TimeControl "2700+45"]

1. e4 e5 2. Nc3 Nf6 3. Bc4 Nc6 4. d3 Bc5 5. Nge2 O-O 6. O-O d6 7. h3 Be6 8. Na4
Bxc4 9. dxc4 Nxe4 10. Nxc5 Nxc5 11. c3 Qh4 12. f4 f5 13. Bd2 Rf6 14. Be1 Qh6 15.
Bg3 Ne4 16. Bh2 Rg6 17. Qd3 exf4 18. Nxf4 Rf6 19. Rad1 Kh8 20. Nd5 Rf7 21. Ne3
g6 22. Qd5 Qxe3+ 23. Kh1 Raf8 24. Bg1 Qg5 25. Rf3 Ne5 26. Re3 c6 27. Qd4 c5 28.
Qd5 Ng3+ 29. Kh2 f4 30. Ree1 Nf5 31. Bxc5 f3 32. g4 Qf4+ 33. Kh1 Ng3+ {White
resigns} 0-1

[Event "Team 45 45 League T32"]
[Site "Internet Chess Club"]
[Date "2007.02.11"]
[Round "4"]
[White "kingphisch"]
[Black "peterdiplaros"]
[Result "1-0"]
[WhiteElo "1607"]
[BlackElo "1526"]
[ECO "B52"]
[TimeControl "2700+45"]

1. e4 c5 2. Nf3 d6 3. Bb5+ Bd7 4. Bxd7+ Qxd7 5. d4 cxd4 6. Nxd4 Nf6 7. Nc3 g6 8.
O-O Bg7 9. Be3 Nc6 10. Nf3 O-O 11. Qd2 Ng4 12. Bf4 e5 13. Bg3 Rad8 14. Rad1 a6
15. a3 Rfe8 16. Nd5 h6 17. c4 Ne7 18. b3 Nxd5 19. cxd5 h5 20. Qd3 f5 21. Rfe1 f4
22. Bh4 Rc8 23. h3 Nh6 24. Rc1 Rb8 25. Rc4 Rf8 26. Rec1 Rbc8 27. Qc3 Rxc4 28.
Qxc4 b5 29. Qc6 Qxc6 30. Rxc6 Nf7 31. Be7 Ra8 32. Bxd6 a5 33. Be7 Ra7 34. Bc5
Rb7 35. Rxg6 Kh7 36. Rc6 b4 37. a4 Rd7 38. Bb6 Nd6 39. Nd2 Bh6 40. Rc7 Rxc7 41.
Bxc7 Nb7 42. f3 Bf8 43. Nc4 Bc5+ 44. Kf1 Kg6 45. Nxe5+ Kg7 46. Nc4 Kf7 47. Bxf4
Ke7 48. g4 hxg4 49. hxg4 Kf7 50. g5 Kg6 51. Ne5+ Kg7 52. Ke2 Bd6 53. Kd3 Nd8 54.
Bg3 Nb7 55. Kc4 Nc5 56. Bf2 Nxa4 57. bxa4 Bxe5 58. Bb6 Kg6 59. Bxa5 Kxg5 60.
Bxb4 Kf4 61. d6 Kxf3 62. a5 Kxe4 63. a6 Bd4 64. d7 Bb6 65. a7 Bxa7 66. d8=Q
{Black resigns} 1-0

[Event "Team 45 45 League T32"]
[Site "Internet Chess Club"]
[Date "2007.02.11"]
[Round "4"]
[White "DocHoliday"]
[Black "Theodulf"]
[Result "1-0"]
[WhiteElo "1982"]
[BlackElo "1665"]
[ECO "E04"]
[TimeControl "2700+45"]

1. d4 d5 2. c4 dxc4 3. Nf3 Nf6 4. g3 e6 5. Bg2 c6 6. O-O Nbd7 7. a4 Bb4 8. Bd2
a5 9. Na3 Nd5 10. e4 Bxd2 11. exd5 Bb4 12. dxc6 Nb6 13. Ne5 Nd5 14. Naxc4 bxc6
15. Nxc6 Qc7 16. Nxb4 axb4 17. b3 O-O 18. Qf3 Ba6 19. Rfc1 Rad8 20. Ne3 Qa7 21.
Rc5 Bb7 22. Rac1 Nc3 23. Qxb7 Qxb7 24. Bxb7 Ne2+ 25. Kf1 Nxc1 26. Rxc1 Rxd4 27.
a5 Rb8 28. a6 Rdd8 29. Rc7 Rf8 30. Nc2 Rbd8 31. Nxb4 Rd1+ 32. Kg2 g5 33. Nc6 Kg7
34. b4 {Black resigns} 1-0

[Event "Team 45 45 League T32"]
[Site "Internet Chess Club"]
[Date "2007.02.10"]
[Round "4"]
[White "Aquaman"]
[Black "AntonioMendonca"]
[Result "0-1"]
[WhiteElo "1499"]
[BlackElo "1639"]
[ECO "A15"]
[TimeControl "2700+45"]

1. c4 Nf6 2. g3 Nc6 3. Bg2 g6 4. Nc3 Bg7 5. e4 d6 6. Nge2 O-O 7. O-O e5 8. d3
Bg4 9. h3 Be6 10. Be3 Qc8 11. Kh2 Nd7 12. Rc1 f5 13. exf5 Rxf5 14. Ne4 Nf8 15.
Qd2 Rh5 16. h4 Rf5 17. b3 Bd7 18. Bh6 Ne6 19. Bxg7 Kxg7 20. N2c3 Ncd4 21. Nd5
Qf8 22. Ne3 Nf3+ 23. Bxf3 Rxf3 24. Nd5 c6 25. Ne3 b6 26. b4 Nd4 27. Ng5 Rf6 28.
Nc2 Nf3+ 29. Nxf3 Rxf3 30. Rce1 Bf5 31. Re3 Bg4 32. Rxf3 Qxf3 33. Qe3 Rf8 34.
Qxf3 Bxf3 35. Re1 Be4 36. Kg1 Bxd3 37. Na3 Rf3 38. c5 dxc5 39. bxc5 bxc5 40.
Rxe5 c4 41. Rc5 Be2 42. Rxc6 Rxa3 43. Kg2 Rxa2 44. Rc5 a5 45. h5 a4 46. hxg6
hxg6 47. Rc7+ Kh6 48. Rc5 a3 49. Kh2 Rc2 50. Ra5 a2 51. Kg2 c3 52. Ra4 Rb2 53.
Ra3 c2 {White resigns} 0-1

[Event "Team 45 45 League T32"]
[Site "Internet Chess Club"]
[Date "2007.02.11"]
[Round "4"]
[White "BMAttack"]
[Black "Archaeologist"]
[Result "1-0"]
[WhiteElo "1550"]
[BlackElo "1535"]
[ECO "A15"]
[TimeControl "2700+45"]

1. c4 Nf6 2. g3 e6 3. Bg2 Nc6 4. Nc3 b6 5. e4 Rb8 6. d3 Bb7 7. Nge2 e5 8. O-O
Be7 9. f4 O-O 10. a3 a6 11. Be3 Ng4 12. Bd2 Bc5+ 13. d4 exd4 14. Na4 d3+ 15.
Nxc5 dxe2 16. Qxe2 Nf6 17. Nxb7 Rxb7 18. Bc3 Rb8 19. Rad1 Re8 20. Qd3 Qe7 21.
Bxf6 Qxf6 22. Qxd7 Na5 23. e5 Qd8 24. Qxd8 Rexd8 25. Rxd8+ Rxd8 26. Rc1 c5 27.
b4 Nb3 28. Rc2 Nd4 29. Rb2 cxb4 30. Rxb4 Nc2 31. Rxb6 Nxa3 32. Bd5 Nc2 33. Rxa6
Ne3 34. Ra8 Rxa8 35. Bxa8 Nxc4 36. Kf2 Kf8 37. Ke2 Ke7 38. h4 Ke6 39. Kd3 Nb6
40. Bf3 f6 41. exf6 Kxf6 42. Ke4 h6 43. g4 Nc4 44. g5+ hxg5 45. hxg5+ Kg6 46.
Bg4 Nd2+ 47. Ke5 Nc4+ 48. Ke6 Ne3 49. Bh3 Nc2 50. Bf5+ Kh5 51. Bxc2 Kg4 52. Ke5
Kh5 53. Kf5 g6+ 54. Kf6 Kg4 55. Bxg6 Kxf4 56. Bh5 Kg3 57. g6 Kh4 58. g7 Kxh5 59.
g8=Q Kh4 60. Kf5 Kh3 61. Kf4 Kh2 62. Kf3 Kh1 63. Kf2 Kh2 64. Qg2# {Black
checkmated} 1-0

[Event "Team 45 45 League T32"]
[Site "Internet Chess Club"]
[Date "2007.02.09"]
[Round "4"]
[White "clarinetref"]
[Black "Queen"]
[Result "0-1"]
[WhiteElo "1587"]
[BlackElo "1457"]
[ECO "A13"]
[TimeControl "2700+45"]

1. Nf3 d5 2. c4 e6 3. g3 dxc4 4. e4 b5 5. a4 Bb7 6. axb5 Bxe4 7. Bxc4 Nd7 8. Nc3
Ngf6 9. Nxe4 Nxe4 10. O-O Bc5 11. d4 Bb6 12. Qc2 Nef6 13. Bd3 h6 14. Bd2 Nd5 15.
Be4 O-O 16. Bxd5 exd5 17. Bb4 Re8 18. Bc5 Qf6 19. b4 Qxf3 20. Rfe1 Nf6 21. Rxe8+
Rxe8 22. Bxb6 Re2 23. Qxe2 Qxe2 24. Bxc7 Ng4 25. Rf1 Nxh2 26. Ra1 Ng4 27. Rf1
Qxb5 28. Bd6 Qe2 29. Bc5 a6 30. f3 Qh2# {White checkmated} 0-1

[Event "Team 45 45 League T32"]
[Site "Internet Chess Club"]
[Date "2007.02.08"]
[Round "4"]
[White "gracey"]
[Black "reinaroja"]
[Result "0-1"]
[WhiteElo "2111"]
[BlackElo "2185"]
[ECO "C31"]
[TimeControl "2700+45"]

1. f4 e5 2. e4 d5 3. Nf3 dxe4 4. Nxe5 Bd6 5. Qe2 Nf6 6. Nc3 O-O 7. Nxe4 Bxe5 8.
fxe5 Nxe4 9. Qxe4 Nc6 10. Bb5 Nd4 11. Ba4 Bf5 12. Qe3 Bxc2 13. b3 Bg6 14. b4 Bc2
15. Bb2 Nf5 16. Qa3 Bxa4 17. Qxa4 Qh4+ 18. Kd1 Qg4+ 19. Kc1 Qxg2 20. Rd1 Rfd8
21. Qc2 Nd4 22. Qc5 Ne6 23. Qc4 c5 24. h4 cxb4 25. Qxb4 Nc5 26. d4 Ne4 27. Kb1
Rac8 28. Qb3 Nd2+ 29. Rxd2 Qxd2 30. a3 Rxd4 31. Qxb7 Qc2+ 32. Ka2 Qc4+ 33. Qb3
Rxh4 34. Qxc4 Rhxc4 35. Rg1 Rc2 36. Kb1 Rd2 37. Ba1 g6 38. Re1 Rc6 39. Re4 Rb6+
40. Kc1 Ra2 41. Bd4 Rc6+ 42. Kd1 Rxa3 {White resigns} 0-1

[Event "Team 45 45 League T32"]
[Site "Internet Chess Club"]
[Date "2007.02.10"]
[Round "4"]
[White "BrunosAces"]
[Black "Bug"]
[Result "1/2-1/2"]
[WhiteElo "2005"]
[BlackElo "2119"]
[ECO "D11"]
[TimeControl "2700+45"]

1. d4 d5 2. c4 c6 3. Nf3 Nf6 4. g3 Bf5 5. Bg2 h6 6. O-O e6 7. b3 Nbd7 8. Nbd2
Bd6 9. Bb2 Qc7 10. Re1 O-O 11. e3 a5 12. Qc1 Bb4 13. a3 Bd6 14. Qc3 Ne4 15. Nxe4
Bxe4 16. Rac1 Qd8 17. Nd2 Bxg2 18. Kxg2 Qe7 19. e4 dxe4 20. c5 Bc7 21. Nxe4 Nf6
22. d5 cxd5 23. Nxf6+ Qxf6 24. Qxf6 gxf6 25. Bxf6 Bd8 26. Bxd8 {Game drawn by
mutual agreement} 1/2-1/2

[Event "Team 45 45 League T32"]
[Site "Internet Chess Club"]
[Date "2007.02.11"]
[Round "4"]
[White "morgado"]
[Black "Vitruvian"]
[Result "1-0"]
[WhiteElo "1929"]
[BlackElo "1862"]
[ECO "A40"]
[TimeControl "2700+45"]

1. d4 e6 2. e3 f5 3. Bd3 Nf6 4. f4 Be7 5. Nf3 O-O 6. O-O d6 7. c3 Ng4 8. h3 Nh6
9. Nbd2 Nc6 10. Qb3 Kh8 11. Bb5 Na5 12. Qc2 a6 13. Bd3 Nc6 14. e4 Qe8 15. exf5
exf5 16. Nc4 Qf7 17. Ne3 d5 18. Qb3 Rd8 19. Ng5 Qg8 20. Bd2 b5 21. Rae1 Bf6 22.
Nf3 g6 23. Ne5 Nxe5 24. fxe5 Bg7 25. a4 c6 26. Ra1 Be6 27. axb5 axb5 28. Ra3
Rxa3 29. Qxa3 Ra8 30. Qe7 Qf7 31. Qh4 Ng8 32. g4 Qe7 33. Qg3 fxg4 34. Nxg4 Rf8
35. Rxf8 Qxf8 36. Bg5 Bf5 37. Kg2 Bxd3 38. Qxd3 Qa8 39. Qf3 Qf8 40. e6 Qe8 41.
Qf7 Qf8 42. Nf6 Qc8 43. e7 {Black forfeits on time} 1-0

[Event "Team 45 45 League T32"]
[Site "Internet Chess Club"]
[Date "2007.02.11"]
[Round "4"]
[White "ivanson"]
[Black "Allessia"]
[Result "0-1"]
[WhiteElo "1935"]
[BlackElo "2238"]
[ECO "B22"]
[TimeControl "2700+45"]

1. e4 c5 2. c3 Nf6 3. e5 Nd5 4. d4 cxd4 5. Nf3 Nc6 6. Bc4 Nb6 7. Bb3 d5 8. exd6
Qxd6 9. O-O d3 10. Re1 Na5 11. Be3 Nxb3 12. axb3 Bf5 13. Nd4 Bg6 14. Nb5 Qd7 15.
c4 Nd5 16. Bxa7 Nf4 17. Qf3 Ne2+ 18. Kh1 e6 19. N1c3 Nxc3 20. bxc3 Be7 21. Bb6
O-O 22. Nd4 e5 23. Nb5 d2 24. Red1 Rxa1 25. Rxa1 Bc2 26. Rd1 Bxb3 27. Be3 Ra8
{White resigns} 0-1

[Event "Team 45 45 League T32"]
[Site "Internet Chess Club"]
[Date "2007.02.10"]
[Round "4"]
[White "bobhill"]
[Black "cityprosecutor"]
[Result "1-0"]
[WhiteElo "2060"]
[BlackElo "1692"]
[ECO "A48"]
[TimeControl "2700+45"]

1. d4 Nf6 2. Nf3 g6 3. Bg5 Bg7 4. Nbd2 d5 5. e3 O-O 6. Be2 Nbd7 7. O-O a6 8. c4
dxc4 9. Nxc4 b5 10. Nce5 Nxe5 11. Nxe5 Bb7 12. Qc2 Be4 13. Qc5 h6 14. Bxf6 exf6
15. Nc6 Qd7 16. Rac1 Rfe8 17. a3 Bf8 18. Qc3 Re6 19. Nb4 Rc8 20. Nd3 Bxd3 21.
Bxd3 c5 22. Rfd1 c4 23. d5 Ree8 24. Bb1 f5 25. Qc2 Re5 26. Qe2 Rxd5 27. Rxd5
Qxd5 28. Rd1 Qe6 29. Qf3 Bg7 30. e4 fxe4 31. Bxe4 Bxb2 32. Bd5 Qf6 33. Qh3 Qf5
34. g4 Qc2 35. Qf3 Rf8 36. h4 Qc3 37. Qe4 Qe5 38. Qxg6+ Kh8 39. Qxh6+ Kg8 40.
Bxf7+ Kxf7 41. Qh7+ Ke6 42. Qd7+ Kf6 43. g5+ Kg6 44. Rd6+ {Black resigns} 1-0

[Event "Team 45 45 League T32"]
[Site "Internet Chess Club"]
[Date "2007.02.11"]
[Round "4"]
[White "winerum"]
[Black "Rlopez"]
[Result "1-0"]
[WhiteElo "1709"]
[BlackElo "1693"]
[ECO "B31"]
[TimeControl "2700+45"]

1. e4 c5 2. Nf3 Nc6 3. Bb5 g6 4. O-O Bg7 5. c3 Qc7 6. d4 cxd4 7. cxd4 a6 8. Bxc6
bxc6 9. Nc3 d6 10. e5 e6 11. Bf4 d5 12. Qd2 c5 13. Na4 cxd4 14. Rac1 Qd8 15. Rc2
Ne7 16. Rfc1 O-O 17. Nxd4 Bd7 18. Nc5 Be8 19. Ncxe6 fxe6 20. Nxe6 Qd7 21. Nxf8
Bxf8 22. Bh6 Rc8 23. Rxc8 Nxc8 24. Bxf8 Kxf8 25. Qf4+ Kg8 26. h4 Ne7 27. h5 Qf5
28. Qxf5 gxf5 29. h6 Kf7 30. f4 Ke6 31. Kf2 Kd7 32. Rc3 Nc6 33. Rg3 Ne7 34. Ra3
Ke6 35. Rxa6+ Nc6 36. Rb6 d4 37. Ke1 Kd5 38. Rb7 Bg6 39. Rg7 Nd8 40. Rd7+ Ke4
41. Rxd8 d3 42. Rd6 Bh5 43. a4 {Black resigns} 1-0

[Event "Team 45 45 League T32"]
[Site "Internet Chess Club"]
[Date "2007.02.08"]
[Round "4"]
[White "bbbad"]
[Black "makito"]
[Result "1-0"]
[WhiteElo "1613"]
[BlackElo "1760"]
[ECO "B90"]
[TimeControl "2700+45"]

1. e4 c5 2. Nf3 d6 3. d4 cxd4 4. Nxd4 Nf6 5. Nc3 a6 6. Be3 e6 7. f3 Be7 8. Qd2
Qc7 9. O-O-O Nc6 10. g4 b5 11. Nce2 Bb7 12. g5 Nd7 13. h4 Nde5 14. b3 Nxd4 15.
Nxd4 d5 16. exd5 Bxd5 17. Bf4 Bd6 18. Qe3 Rc8 19. Rh2 Nc4 20. Bxd6 Nxe3 21. Bxc7
Nxd1 22. Bd6 Nc3 23. Kb2 Nd1+ 24. Kc1 Ne3 25. Bd3 Bb7 26. Re2 Kd7 27. Be5 Nd5
28. Bxg7 Rhg8 29. Be5 Nb4 30. Bxh7 Rh8 31. Bxh8 Rxh8 32. Be4 Rxh4 33. Bxb7 Rxd4
34. c3 Nd3+ 35. Kc2 Rd6 36. Bxa6 Nb4+ 37. cxb4 Rxa6 38. Kc3 Ke7 39. f4 Rd6 40.
a4 Rd1 41. Re5 Rf1 42. Rxb5 Rxf4 43. a5 Kd6 44. Rc5 Rf1 45. Kc4 Rc1+ 46. Kb5 Rb1
47. a6 Rxb3 48. a7 Ra3 49. Kb6 e5 50. Kb7 Ra4 51. a8=Q Rxb4+ 52. Kc8 Kxc5 53.
Qa7+ Kd6 54. Qxf7 Rf4 55. Qd7+ Kc5 56. g6 Rf8+ 57. Kc7 Rg8 58. g7 e4 59. Qf5+
Kd4 60. Qf7 Ra8 61. g8=Q Rxg8 62. Qxg8 e3 63. Qg1 Kd3 64. Qe1 e2 65. Kc6 Ke3 66.
Kc5 Kd3 67. Kb4 Ke3 68. Kc4 Kf3 69. Kd3 {Black resigns} 1-0

[Event "Team 45 45 League T32"]
[Site "Internet Chess Club"]
[Date "2007.02.08"]
[Round "4"]
[White "Boromir"]
[Black "Thestorm"]
[Result "0-1"]
[WhiteElo "1960"]
[BlackElo "2145"]
[ECO "B30"]
[TimeControl "2700+45"]

1. e4 c5 2. Nf3 Nc6 3. Bb5 Nf6 4. e5 Ng4 5. Bxc6 dxc6 6. d3 c4 7. d4 Bf5 8. O-O
g6 9. Nc3 Bg7 10. Qe2 b5 11. a4 a6 12. Ne4 O-O 13. Nc5 Qd5 14. h3 Nh6 15. axb5
axb5 16. Bf4 Kh8 17. Qd2 Ng8 18. Nh4 e6 19. g4 Be4 20. Rae1 Bxc2 21. Qxc2 Qxd4
22. Be3 Qxe5 23. Nd7 Qxb2 24. Qxb2 Bxb2 25. Nxf8 Rxf8 26. Nf3 Rc8 27. Bd4+ Bxd4
28. Nxd4 b4 29. Rc1 c3 30. Rb1 c5 31. Nc2 Rd8 32. Nxb4 cxb4 33. Rxb4 Nf6 34. Rc4
Nd5 35. Rc1 Kg7 36. Kf1 Rb8 37. Ke2 Rb2+ 38. Kf3 Rd2 39. h4 h6 40. Kg3 g5 41.
hxg5 hxg5 42. Kf3 Kf6 43. Rc5 Ke7 44. Kg3 Rd3+ 45. f3 Kd6 46. Rc4 f5 47. gxf5
exf5 48. Kf2 Rd2+ 49. Ke1 Rh2 50. Rd1 Rh1+ 51. Ke2 Rxd1 52. Kxd1 Ne3+ {White
resigns} 0-1

[Event "Team 45 45 League T32"]
[Site "Internet Chess Club"]
[Date "2007.02.14"]
[Round "4"]
[White "MrShaw"]
[Black "billscotty"]
[Result "0-1"]
[WhiteElo "1808"]
[BlackElo "1649"]
[ECO "C62"]
[TimeControl "2700+45"]

1. e4 e5 2. Nf3 Nc6 3. Bb5 d6 4. O-O Bd7 5. c3 Nf6 6. Re1 a6 7. Ba4 b5 8. Bc2
Be7 9. d4 O-O 10. Nbd2 exd4 11. cxd4 Nb4 12. Bb1 c5 13. a3 Nc6 14. e5 dxe5 15.
dxe5 Ng4 16. h3 Nh6 17. Ne4 Nf5 18. Qc2 g6 19. Bf4 Ncd4 20. Nxd4 Nxd4 21. Qd1
Be6 22. Re3 Qc7 23. Ba2 Rad8 24. Bxe6 Nxe6 25. Qg4 h5 26. Qg3 c4 27. Rae1 Rd4
28. Bg5 Rxe4 29. Rxe4 Bxg5 30. Qc3 Rd8 31. Qf3 Nd4 32. Qd1 c3 33. bxc3 Qxc3 34.
f4 Bh4 35. R1e3 Qc5 36. Kh2 Nf5 37. Rd3 Rxd3 38. Qa1 Bg3+ 39. Kh1 Qc2 40. Rd4
Rxd4 {White resigns} 0-1